Map: Ice and Chrome LE

Players

PtitDrogo

  • Race: Protoss Protoss
  • League: Grandmaster
  • Spawn Location: 1:00

Geralt (Gerald) - Winner!

  • Race: Protoss Protoss
  • League: Grandmaster
  • Spawn Location: 7:00

Event: DreamHack SC2 Masters 2020 Summer Europe

VOD

Have the link to the VOD?

Description

Time

  • Played on: June 30, 2020, 1:26 p.m.
  • Length: 7:36

All games in this series

Show
View Real Time Build Order
Export as new Build Order

PtitDrogo Protoss 

Build Orders:  

Get SALT Encoding   

  12  0:00  Probe  
  13  0:12  Probe  
  14  0:19  Pylon  
  14  0:24  Probe  
  15  0:33  Probe  
  15  0:38  Gateway  
  15  0:41  Probe  
  16  0:47  Assimilator  
  17  0:51  Probe  
  17  0:55  Assimilator  
  18  1:00  Probe  
  19  1:08  Gateway, Probe  
  19  1:18  Probe  
  20  1:25  Cybernetics Core  
  21  1:30  Probe  
  21  1:32  Pylon  
  22  1:42  Probe  
  23  1:54  Probe  
  23  2:01  Sentry, Stalker  
  28  2:04  Warp Gate  
  28  2:09  Probe  
  28  2:12  Pylon  
  29  2:23  Pylon  
  29  2:27  Stalker  
  31  2:31  Stalker  
  33  2:50  Nexus  
  33  2:53  Probe  
  34  3:05  Probe  
  34  3:10  Pylon  
  35  3:13  Twilight Council  
  35  3:17  Sentry, Probe  
  38  3:25  Probe  
  38  3:33  Probe  
  39  3:34  Forge  
  40  3:43  Probe  
  41  3:52  Adept x2, Probe  
  45  4:00  Probe  
  46  4:04  Shield Battery  
  46  4:06  Probe  
  47  4:10  Probe  
  47  4:15  Probe  
  44  4:18  Probe  
  44  4:21  Protoss Ground Weapons Level 1  
  44  4:23  Probe  
  45  4:27  Probe  
  45  4:32  Probe  
  45  4:36  Charge, Probe  
  46  4:44  Probe  
  48  4:49  Probe  
  48  4:51  Assimilator  
  49  4:52  Sentry  
  49  4:56  Probe  
  49  4:59  Probe, Pylon  
  53  5:08  Probe x2, Robotics Facility  
  53  5:12  Shield Battery  
  54  5:16  Probe  
  54  5:20  Probe  
  53  5:27  Probe  
  50  5:31  Gateway  
  50  5:32  Probe  
  50  5:33  Gateway  
  51  5:38  Gateway  
  51  5:40  Gateway  
  51  5:53  Nexus  
  51  5:54  Observer  
  52  6:02  Sentry x2  
  56  6:07  Warp Prism  
  56  6:10  Pylon  
  56  6:13  Pylon  
  56  6:15  Phoenix  
  58  6:23  Probe  
  60  6:26  Stalker x3  
  66  6:33  Stalker x2  
  66  6:35  Stalker  
  71  6:46  Pylon  
  71  6:49  Stalker  
  71  6:50  Stalker x2  
  77  7:06  Zealot x3  
  83  7:12  Zealot x2  
  83  7:14  Zealot  
  71  7:26  Zealot x3  
Show
View Real Time Build Order
Export as new Build Order

Geralt Protoss - Winner!

Build Orders:  

Get SALT Encoding   

  12  0:00  Probe  
  13  0:12  Probe  
  14  0:17  Pylon  
  14  0:22  Probe  
  15  0:31  Probe  
  16  0:37  Gateway  
  16  0:40  Probe  
  16  0:46  Assimilator  
  17  0:52  Probe  
  17  0:54  Assimilator  
  18  1:00  Probe  
  19  1:07  Gateway  
  19  1:08  Probe  
  20  1:18  Probe  
  20  1:25  Cybernetics Core  
  21  1:30  Probe  
  22  1:33  Pylon  
  22  1:42  Probe  
  23  1:52  Warp Gate  
  23  1:55  Probe  
  23  2:00  Stalker x2  
  28  2:07  Pylon  
  28  2:08  Probe  
  29  2:20  Probe  
  30  2:40  Nexus  
  30  2:41  Probe  
  30  2:51  Adept  
  32  2:53  Probe  
  32  2:55  Adept  
  35  3:05  Probe  
  36  3:08  Twilight Council  
  36  3:16  Pylon  
  36  3:17  Probe  
  37  3:29  Probe  
  37  3:31  Forge  
  38  3:42  Stalker  
  38  3:43  Sentry  
  38  3:48  Probe x2  
  44  3:56  Shield Battery, Probe  
  44  3:57  Probe  
  44  3:59  Pylon  
  46  4:05  Probe  
  46  4:08  Probe  
  48  4:18  Probe  
  48  4:19  Blink  
  48  4:21  Probe  
  48  4:25  Adept x2, Protoss Ground Weapons Level 1  
  52  4:35  Probe  
  52  4:39  Robotics Facility  
  52  4:42  Gateway  
  52  4:43  Probe  
  52  4:47  Gateway  
  52  4:50  Probe  
  53  4:53  Stalker  
  53  4:57  Stalker  
  57  5:02  Assimilator  
  57  5:06  Pylon  
  57  5:08  Probe  
  57  5:09  Probe  
  59  5:19  Stalker, Pylon  
  57  5:23  Stalker  
  57  5:29  Probe  
  57  5:30  Probe  
  57  5:35  Observer  
  60  5:40  Gateway x2  
  60  5:41  Stalker  
  62  5:44  Pylon  
  62  5:52  Stalker x2  
  66  5:57  Stalker  
  68  6:08  Warp Prism  
  70  6:18  Nexus  
  70  6:22  Stalker  
  72  6:26  Stalker  
  72  6:31  Stalker  
  76  6:33  Pylon  
  76  6:40  Stalker  
  76  6:45  Probe x2  
  80  6:58  Stalker  
  80  6:59  Stalker x3  
  86  7:17  Stalker x2  
  80  7:24  Stalker  
  80  7:25  Stalker  
Tags
 
Add a new tag
Caveats
  • Supply blocks, unpowered buildings, or Contaminate may cause inaccurate times.
  • Supply counts are checked every 10 seconds.